 Dungeon Crawl Stone Soup version 0.21.1-1-g345015f (webtiles) character file.

55 inc the Magician (level 3, 26/26 HPs)
             Began as a Gnoll Wizard on June 9, 2018.
             Quit the game on level 2 of the Dungeon.
             The game lasted 00:01:59 (1661 turns).

inc the Magician (Gnoll Wizard)                     Turns: 1661, Time: 00:01:59

Health: 26/26      AC:  2    Str: 10    XL:     3   Next: 93%
Magic:  6/11       EV: 13    Int: 20    God:
Gold:   72         SH:  0    Dex: 13    Spells: 15/16 levels left

rFire    . . .     SeeInvis .   o - -1 dagger (curse)
rCold    . . .     Gourm    .   (no shield)
rNeg     . . .     Faith    .   a - +0 robe
rPois    .         Spirit   .   b - +0 hat
rElec    .         Reflect  .   (no cloak)
rCorr    .         Harm     .   (no gloves)
MR       .....                  (no boots)
Stlth    ++........             (no amulet)
HPRegen  0.08/turn              (no ring)
MPRegen  0.12/turn              (no ring)

@: starving, heavily drained
A: distributed training, fangs 1, strong nose
a: no special abilities


You were on level 2 of the Dungeon.
You were starving.

You visited 1 branch of the dungeon, and saw 2 of its levels.

You collected 72 gold pieces.

Inventory:

Hand Weapons
 f - a +0 dagger
 o - a cursed -1 dagger (weapon)
Armour
 a - a +0 robe (worn)
 b - a +0 hat (worn)
Jewellery
 g - an uncursed amulet of harm
Scrolls
 e - 3 scrolls of remove curse {unknown}
 h - 2 scrolls of enchant armour {unknown}
 j - 2 scrolls of identify {unknown}
 k - 2 scrolls of amnesia {unknown}
 m - a scroll of fear {unknown}
 n - a scroll of immolation {unknown}
Potions
 i - a potion of brilliance {unknown}
 l - a potion of invisibility {unknown}
Books
 c - a book of Minor Magic

   Spells                             Type                      Level
   a - Magic Dart                     Conjuration                  1
   b - Blink                          Translocation                2
   c - Call Imp                       Summoning                    2
   d - Slow                           Hexes                        2
   e - Conjure Flame                  Conjuration/Fire             3
   f - Mephitic Cloud                 Conjuration/Poison/Air       3
Comestibles
 d - 5 rations


   Skills:
 + Level 1.0(0.0) Fighting
 + Level 1.0(0.0) Short Blades
 + Level 1.0(0.0) Long Blades
 + Level 1.0(0.0) Axes
 + Level 1.0(0.0) Maces & Flails
 + Level 1.0(0.0) Polearms
 + Level 1.0(0.0) Staves
 + Level 1.0(0.0) Slings
 + Level 1.0(0.0) Bows
 + Level 1.0(0.0) Crossbows
 + Level 1.0(0.0) Throwing
 + Level 1.0(0.0) Armour
 + Level 4.6(3.2) Dodging
 + Level 4.2(2.9) Stealth
 + Level 1.0(0.0) Shields
 + Level 1.0(0.0) Unarmed Combat
 + Level 7.1(5.7) Spellcasting
 + Level 2.1(0.9) Conjurations
 + Level 0.7(0.0) Hexes
 + Level 0.7(0.0) Charms
 + Level 2.1(0.9) Summonings
 + Level 0.7(0.0) Necromancy
 + Level 2.1(0.9) Translocations
 + Level 0.7(0.0) Transmutations
 + Level 0.7(0.0) Fire Magic
 + Level 0.7(0.0) Ice Magic
 + Level 0.7(0.0) Air Magic
 + Level 0.7(0.0) Earth Magic
 + Level 0.7(0.0) Poison Magic
 + Level 1.0(0.0) Invocations
 + Level 1.0(0.0) Evocations


You had 15 spell levels left.
You knew the following spells:

 Your Spells              Type           Power        Failure   Level  Hunger
a - Magic Dart            Conj           #...         8%          1    None


Dungeon Overview and Level Annotations

Branches:
Dungeon (2/15)

Altars:
Qazlal
Wu Jian
Zin


Innate Abilities, Weirdness & Mutations

Your experience applies equally to all skills.
You have very sharp teeth.
Your uncanny sense of smell can sniff out nearby items.


Message History

Your base Crossbows skill increases to level 1!
Your base Throwing skill increases to level 1!
Your base Armour skill increases to level 1!
Your base Shields skill increases to level 1!
Your base Unarmed Combat skill increases to level 1!
Your base Evocations skill increases to level 1!
Casting: Magic Dart
Confirm with . or Enter, or press ? or * to list all spells.
Aiming: Magic Dart
Press: ? - help, Shift-Dir - straight line, f - ball python
Aim: a ball python The magic dart hits the ball python.
You kill the ball python!
You are starving!
You don't have the energy to cast that spell.
You don't have the energy to cast that spell.
You see here a kobold corpse.
You need to eat something NOW!
You need to eat something NOW!
Are you sure you want to abandon this character and quit the game? (Confirm with "yes".)

#...........#
##...######.#
##.## #.# #.#
####.#### #.#
#.......# #+#
#.##.##.# #
#.##†###
#......# ∆
###@.#.#
#...#.# ∆
.......#
.......#.#
######.##.#
#.. # #.# #.#


There were no monsters in sight!

Vanquished Creatures
  A worm (D:2)
  3 dart slugs (D:1)
  2 leopard geckos (D:1)
  A ball python (D:2)
  3 giant cockroaches (D:1)
  6 goblins
  2 hobgoblins
  4 jackals (D:1)
  8 kobolds
  4 bats
  2 frilled lizards (D:1)
  5 rats (D:1)
41 creatures vanquished.

Notes
Turn   | Place    | Note
-------+----------+-------------------------------------------
     0 | D:1      | inc the Gnoll Wizard began the quest for the Orb.
     0 | D:1      | Reached XP level 1. HP: 13/13 MP: 8/8
   192 | D:1      | Reached XP level 2. HP: 19/19 MP: 7/10
   445 | D:1      | Reached XP level 3. HP: 22/25 MP: 3/11
  1000 | D:1      | Reached skill level 1 in Invocations
  1129 | D:2      | Found an ornate altar of the Wu Jian Council.
  1190 | D:2      | HP: 1/25 [worm (4)]
  1487 | D:2      | Found a glowing silver altar of Zin.
  1487 | D:2      | Found a stormy altar of Qazlal.
  1655 | D:2      | Reached skill level 1 in Fighting
  1655 | D:2      | Reached skill level 1 in Short Blades
  1655 | D:2      | Reached skill level 1 in Long Blades
  1655 | D:2      | Reached skill level 1 in Axes
  1655 | D:2      | Reached skill level 1 in Maces & Flails
  1655 | D:2      | Reached skill level 1 in Polearms
  1655 | D:2      | Reached skill level 1 in Staves
  1655 | D:2      | Reached skill level 1 in Slings
  1655 | D:2      | Reached skill level 1 in Bows
  1655 | D:2      | Reached skill level 1 in Crossbows
  1655 | D:2      | Reached skill level 1 in Throwing
  1655 | D:2      | Reached skill level 1 in Armour
  1655 | D:2      | Reached skill level 1 in Shields
  1655 | D:2      | Reached skill level 1 in Unarmed Combat
  1655 | D:2      | Reached skill level 1 in Evocations
  1661 | D:2      | Quit the game

Skill      XL: |  1  2  3 |
---------------+----------+-----
Conjurations   | 2 |  2.1
Summonings     | 2 |  2.1
Translocations | 2 |  2.1
Invocations    | 1 |  1.0
Fighting       | 1 |  1.0
Short Blades   | 1 |  1.0
Long Blades    | 1 |  1.0
Axes           | 1 |  1.0
Maces & Flails | 1 |  1.0
Polearms       | 1 |  1.0
Staves         | 1 |  1.0
Slings         | 1 |  1.0
Bows           | 1 |  1.0
Crossbows      | 1 |  1.0
Throwing       | 1 |  1.0
Armour         | 1 |  1.0
Shields        | 1 |  1.0
Unarmed Combat | 1 |  1.0
Evocations     | 1 |  1.0
Dodging        | |  4.6
Stealth        | |  4.2
Spellcasting   | |  7.1
Hexes          | |  0.7
Charms         | |  0.7
Necromancy     | |  0.7
Transmutations | |  0.7
Fire Magic     | |  0.7
Ice Magic      | |  0.7
Air Magic      | |  0.7
Earth Magic    | |  0.7
Poison Magic   | |  0.7

Action                   || total
-------------------------++-------
Melee: Unarmed           ||     3
       Dagger            ||     9
       Bite              ||     3
 Cast: Magic Dart        ||   102
 Stab: Sleeping          ||     1
Armor: Robe              ||     4
Dodge: Dodged            ||    21
